AA
BUFFALO RED WINGS @ HARRISBURG CAPITALS
06/22/2059
 
TOP OF THE 1ST
Buffalo Red Wings batting - Pitching for Harrisburg Capitals : RHP Cooper Horn
Pitching: RHP Cooper Horn
Batting: RHB Braydon Makris 0-0: Called Strike
0-1: Foul Ball, location: 2F
0-2: Strikes out swinging
Batting: RHB Townes Zhan 0-0: Ball
1-0: DOUBLE (Groundball, 5L, EV 103.8 MPH)
Batting: RHB Brock Jackson 0-0: SINGLE (Line Drive, 34, EV 95.0 MPH)
Townes Zhan to third
Batting: SHB Spencer Buccheri 0-0: Ball
1-0: Ball
2-0: Ball
3-0: Base on Balls
Brock Jackson to second
Batting: LHB Kassius Efendiyev 0-0: Ball
1-0: Ball
2-0: Foul Ball, location: 2F
2-1: Swinging Strike
2-2: Foul Ball, location: 2F
2-2: Ball
3-2: Foul Ball, location: 2F
3-2: Strikes out swinging
Batting: RHB Dallas Eschenburg 0-0: Foul Ball, location: 2F
0-1: Foul Ball, location: 2F
0-2: Ground out 4-3 (Groundball, 4, EV 85.0 MPH)
Top of the 1st over - 0 runs, 2 hits, 0 errors, 3 left on base; Buffalo 0 - Harrisburg 0
BOTTOM OF THE 1ST
Harrisburg Capitals batting - Pitching for Buffalo Red Wings : RHP Joseph Trammell
Pitching: RHP Joseph Trammell
Batting: RHB Freeman Chavez 0-0: Ball
1-0: Ball
2-0: Called Strike
2-1: Ball
3-1: Ground out 4-3 (Groundball, 34, EV 103.1 MPH)
Batting: RHB Eli Turner 0-0: Called Strike
0-1: Ball
1-1: Ball
2-1: Ball
3-1: Foul Ball, location: 2F
3-2: Reached on error, E4 (Groundball, 4S, EV 79.4 MPH)
Batting: LHB K.C. Subagja 0-0: Called Strike
0-1: Ball
1-1: Fly out, F8 (Line Drive, 8RM, EV 104.4 MPH)
Batting: RHB Garrett Flickinger 0-0: Ball
1-0: Swinging Strike
1-1: Called Strike
1-2: Ball
2-2: Strikes out looking
Bottom of the 1st over - 0 runs, 0 hits, 1 error, 1 left on base; Buffalo 0 - Harrisburg 0
TOP OF THE 2ND
Buffalo Red Wings batting - Pitching for Harrisburg Capitals : RHP Cooper Horn
Batting: SHB Andy Rainey 0-0: Foul Ball, location: 2F
0-1: Called Strike
0-2: Ball
1-2: Foul Ball, location: 2F
1-2: Ball
2-2: Foul Ball, location: 2F
2-2: Ball
3-2: Strikes out swinging
Batting: RHB Brinson Sarmiento 0-0: Ball
1-0: Ball
2-0: Ground out 4-3 (Groundball, 34D, EV 108.1 MPH)
Batting: RHB Mathew Lyons 0-0: Ball
1-0: Ball
2-0: Ball
3-0: Called Strike
3-1: Base on Balls
Batting: RHB Braydon Makris 0-0: Fly out, F8 (Flyball, 8LXD, EV 96.9 MPH)
Top of the 2nd over - 0 runs, 0 hits, 0 errors, 1 left on base; Buffalo 0 - Harrisburg 0
BOTTOM OF THE 2ND
Harrisburg Capitals batting - Pitching for Buffalo Red Wings : RHP Joseph Trammell
Batting: RHB Jesse Vala 0-0: Called Strike
0-1: Called Strike
0-2: Ball
1-2: Foul Ball, location: 2F
1-2: Ball
2-2: Strikes out looking
Batting: LHB Beau Jindrisek 0-0: Ground out 4-3 (Groundball, 4, EV 77.5 MPH)
Batting: RHB Julian Liszewski 0-0: Ball
1-0: Foul Ball, location: 2F
1-1: Foul Ball, location: 2F
1-2: Ground out 5-3 (Groundball, 56S, EV 85.0 MPH)
Bottom of the 2nd over - 0 runs, 0 hits, 0 errors, 0 left on base; Buffalo 0 - Harrisburg 0
TOP OF THE 3RD
Buffalo Red Wings batting - Pitching for Harrisburg Capitals : RHP Cooper Horn
Batting: RHB Townes Zhan 0-0: Called Strike
0-1: Ball
1-1: Foul Ball, location: 2F
1-2: SINGLE (Flyball, 3D, EV 96.9 MPH)
Batting: RHB Brock Jackson 0-0: Foul Ball, location: 2F
0-1: Foul Ball, location: 2F
0-2: Strikes out swinging
Batting: SHB Spencer Buccheri 0-0: Ball
1-0: Called Strike
1-1: Swinging Strike
1-2: Foul Ball, location: 2F
1-2: Foul Ball, location: 2F
1-2: Ball
2-2: Ball
3-2: Foul Ball, location: 2F
3-2: Strikes out swinging
Townes Zhan is caught stealing 2nd base 2-6
Batter strikes out.
Top of the 3rd over - 0 runs, 1 hit, 0 errors, 0 left on base; Buffalo 0 - Harrisburg 0
BOTTOM OF THE 3RD
Harrisburg Capitals batting - Pitching for Buffalo Red Wings : RHP Joseph Trammell
Batting: RHB Zack Jackson 0-0: Ball
1-0: Fly out, F2 (Popup, 25F, EV 87.5 MPH)
Batting: RHB Deric Sykora 0-0: Ball
1-0: Swinging Strike
1-1: SINGLE (Groundball, 25, EV 72.5 MPH) (infield hit)
Batting: RHB Freeman Chavez 0-0: Ball
1-0: Foul Ball, location: 2F
1-1: Foul Ball, location: 2F
1-2: Foul Ball, location: 2F
1-2: Ball
2-2: Foul Ball, location: 2F
2-2: SINGLE (Line Drive, 56, EV 96.9 MPH)
Deric Sykora to second
Batting: RHB Eli Turner 0-0: Ball
1-0: Called Strike
Deric Sykora is caught stealing 3rd base 2-5
Freeman Chavez to second
1-1: Ball
2-1: Fly out, F5 (Popup, 56S, EV 73.8 MPH)
Bottom of the 3rd over - 0 runs, 2 hits, 0 errors, 1 left on base; Buffalo 0 - Harrisburg 0
TOP OF THE 4TH
Buffalo Red Wings batting - Pitching for Harrisburg Capitals : RHP Cooper Horn
Batting: LHB Kassius Efendiyev 0-0: Ball
1-0: Ground out 5-3 (Groundball, 56S, EV 91.9 MPH)
Batting: RHB Dallas Eschenburg 0-0: Fly out, F8 (Line Drive, 8RD, EV 88.1 MPH)
Batting: SHB Andy Rainey 0-0: Ball
1-0: Ground out 4-3 (Groundball, 4, EV 86.9 MPH)
Top of the 4th over - 0 runs, 0 hits, 0 errors, 0 left on base; Buffalo 0 - Harrisburg 0
BOTTOM OF THE 4TH
Harrisburg Capitals batting - Pitching for Buffalo Red Wings : RHP Joseph Trammell
Batting: LHB K.C. Subagja 0-0: Ball
1-0: Ball
2-0: Called Strike
2-1: Ball
3-1: Fly out, F8 (Flyball, 8RXD, EV 89.4 MPH)
Batting: RHB Garrett Flickinger 0-0: Swinging Strike
0-1: Fly out, F8 (Flyball, 8RM, EV 88.8 MPH)
Batting: RHB Jesse Vala 0-0: Ball
1-0: Foul Ball, location: 2F
1-1: Foul Ball, location: 2F
1-2: Fly out, F9 (Flyball, 9S, EV 95.0 MPH)
Bottom of the 4th over - 0 runs, 0 hits, 0 errors, 0 left on base; Buffalo 0 - Harrisburg 0
TOP OF THE 5TH
Buffalo Red Wings batting - Pitching for Harrisburg Capitals : RHP Cooper Horn
Batting: RHB Brinson Sarmiento 0-0: Swinging Strike
0-1: Ball
1-1: Foul Ball, location: 2F
1-2: Strikes out swinging
Batting: RHB Mathew Lyons 0-0: Called Strike
0-1: Ball
1-1: Ball
2-1: Swinging Strike
2-2: Strikes out swinging
Batting: RHB Braydon Makris 0-0: Fly out, F8 (Flyball, 8LD, EV 90.6 MPH)
Top of the 5th over - 0 runs, 0 hits, 0 errors, 0 left on base; Buffalo 0 - Harrisburg 0
BOTTOM OF THE 5TH
Harrisburg Capitals batting - Pitching for Buffalo Red Wings : RHP Joseph Trammell
Batting: LHB Beau Jindrisek 0-0: Called Strike
0-1: Ball
1-1: Ground out 6-3 (Groundball, 6, EV 86.2 MPH)
Batting: RHB Julian Liszewski 0-0: DOUBLE (Groundball, 5L, EV 104.4 MPH)
Batting: RHB Zack Jackson 0-0: Ball
1-0: Foul Ball, location: 2F
1-1: Ball
2-1: Foul Ball, location: 2F
2-2: Ball
3-2: Foul Ball, location: 2F
3-2: Foul Ball, location: 2F
3-2: Fly out, F8 (Flyball, 8LD, EV 86.2 MPH)
Batting: RHB Deric Sykora 0-0: Swinging Strike
0-1: Ball
1-1: Ball
2-1: Foul Ball, location: 2F
2-2: Ball
3-2: SINGLE (Groundball, 4D, EV 106.2 MPH)
Julian Liszewski to third
Batting: RHB Freeman Chavez 0-0: Foul Ball, location: 2F
0-1: DOUBLE (Line Drive, 7LM, EV 105.0 MPH)
Julian Liszewski scores
Deric Sykora to third
Runner from 3rd tries for Home, SAFE, throw by LF to home
Batting: RHB Eli Turner 0-0: Called Strike
0-1: Ball
1-1: Ball
2-1: Foul Ball, location: 2F
2-2: DOUBLE (Line Drive, 8LD, EV 107.5 MPH)
Freeman Chavez scores
Batting: LHB K.C. Subagja 0-0: Foul Ball, location: 2F
0-1: Foul Ball, location: 2F
0-2: Foul Ball, location: 2F
0-2: Foul Ball, location: 2F
0-2: Fly out, F8 (Flyball, 8RD, EV 83.1 MPH)
Bottom of the 5th over - 3 runs, 4 hits, 0 errors, 1 left on base; Buffalo 0 - Harrisburg 3
TOP OF THE 6TH
Buffalo Red Wings batting - Pitching for Harrisburg Capitals : RHP Cooper Horn
Batting: RHB Townes Zhan 0-0: Called Strike
0-1: Ball
1-1: Swinging Strike
1-2: SINGLE (Groundball, 34D, EV 100.6 MPH)
Batting: RHB Brock Jackson 0-0: Called Strike
0-1: Ball
1-1: Swinging Strike
1-2: SINGLE (Line Drive, 56D, EV 96.2 MPH)
Townes Zhan to second
Batting: SHB Spencer Buccheri 0-0: SINGLE (Flyball, 5D, EV 89.4 MPH)
Townes Zhan to third
Brock Jackson to second
Batting: LHB Kassius Efendiyev 0-0: Ball
1-0: Fly out, F9 (Flyball, 9D, EV 98.8 MPH)
Runner from 3rd tags up, SCORES, throw by RF
Brock Jackson to third
Batting: RHB Dallas Eschenburg 0-0: Called Strike
0-1: Ball
1-1: Ball
2-1: Foul Ball, location: 2F
2-2: Strikes out looking
Batting: SHB Andy Rainey 0-0: Ball
1-0: Called Strike
1-1: Foul Ball, location: 2F
1-2: Foul Ball, location: 2F
1-2: Strikes out swinging
Top of the 6th over - 1 run, 3 hits, 0 errors, 2 left on base; Buffalo 1 - Harrisburg 3
BOTTOM OF THE 6TH
Harrisburg Capitals batting - Pitching for Buffalo Red Wings : RHP Joseph Trammell
Batting: RHB Garrett Flickinger 0-0: Swinging Strike
0-1: Called Strike
0-2: Ball
1-2: Foul Ball, location: 2F
1-2: Foul Ball, location: 2F
1-2: Ball
2-2: Foul Ball, location: 2F
2-2: Ball
3-2: SINGLE (Groundball, 4D, EV 105.0 MPH)
Pitching: RHP Nic Lewin
Batting: RHB Jesse Vala 0-0: Ball
1-0: Called Strike
1-1: Grounds into double play, 6-4-3 (Groundball, 6, EV 102.5 MPH)
Batting: LHB Beau Jindrisek 0-0: Ball
1-0: Foul Ball, location: 2F
1-1: Ball
2-1: Fly out, F8 (Flyball, 8RD, EV 96.9 MPH)
Bottom of the 6th over - 0 runs, 1 hit, 0 errors, 0 left on base; Buffalo 1 - Harrisburg 3
TOP OF THE 7TH
Buffalo Red Wings batting - Pitching for Harrisburg Capitals : RHP Cooper Horn
Now in LF: Blake Foley
Batting: RHB Brinson Sarmiento 0-0: Ball
1-0: Foul Ball, location: 2F
1-1: Foul Ball, location: 2F
1-2: SINGLE (Groundball, 56D, EV 102.5 MPH)
Batting: RHB Mathew Lyons 0-0: Bunted foul
0-1: Bunted foul
0-2: 2-RUN HOME RUN (Line Drive, 89XD, EV 111.9 MPH), Distance : 430 ft
Pitching: RHP Samuel Zimmerman
Batting: RHB Braydon Makris 0-0: DOUBLE (Flyball, 78D, EV 98.8 MPH)
Batting: RHB Townes Zhan 0-0: Fly out, F9 (Line Drive, 89S, EV 91.9 MPH)
Batting: RHB Brock Jackson 0-0: Fly out, F9 (Flyball, 9LSF, EV 90.6 MPH)
Batting: SHB Spencer Buccheri 0-0: Called Strike
0-1: Foul Ball, location: 2F
0-2: Ball
1-2: Foul Ball, location: 2F
1-2: Ball
2-2: Strikes out swinging
Top of the 7th over - 2 runs, 3 hits, 0 errors, 1 left on base; Buffalo 3 - Harrisburg 3
BOTTOM OF THE 7TH
Harrisburg Capitals batting - Pitching for Buffalo Red Wings : RHP Nic Lewin
Batting: RHB Julian Liszewski 0-0: Ball
1-0: SINGLE (Groundball, 56, EV 100.0 MPH) (infield hit)
Batting: RHB Zack Jackson 0-0: Sac Bunt to 25 - play at first, batter OUT! 5-3
Julian Liszewski to second
Batting: RHB Deric Sykora 0-0: Ball
1-0: Called Strike
1-1: Ground out 3-1 (Groundball, 34S, EV 65.6 MPH)
Julian Liszewski to third
Batting: RHB Freeman Chavez 0-0: Ball
1-0: Called Strike
1-1: Called Strike
1-2: Ball
2-2: DOUBLE (Line Drive, 89XD, EV 98.8 MPH)
Julian Liszewski scores
Batting: RHB Eli Turner 0-0: Called Strike
0-1: Fly out, F9 (Flyball, 89S, EV 76.2 MPH)
Bottom of the 7th over - 1 run, 2 hits, 0 errors, 1 left on base; Buffalo 3 - Harrisburg 4
TOP OF THE 8TH
Buffalo Red Wings batting - Pitching for Harrisburg Capitals : RHP Samuel Zimmerman
Batting: LHB Kassius Efendiyev 0-0: Ball
1-0: Ball
2-0: Foul Ball, location: 2F
2-1: SINGLE (Line Drive, 7S, EV 106.9 MPH)
Batting: RHB Dallas Eschenburg 0-0: Sac Bunt to 3S - play at first, batter OUT! 3-4
Kassius Efendiyev to second
Batting: SHB Andy Rainey 0-0: Ball
1-0: Ball
2-0: Ground out 6-3 (Groundball, 6, EV 102.5 MPH)
Batting: RHB Brinson Sarmiento 0-0: Fly out, F4 (Line Drive, 4M, EV 72.5 MPH)
Top of the 8th over - 0 runs, 1 hit, 0 errors, 1 left on base; Buffalo 3 - Harrisburg 4
BOTTOM OF THE 8TH
Harrisburg Capitals batting - Pitching for Buffalo Red Wings : RHP Nic Lewin
Batting: RHB Blake Foley 0-0: Foul Ball, location: 2F
0-1: Foul Ball, location: 2F
0-2: Ball
1-2: Foul Ball, location: 2F
1-2: Ball
2-2: SINGLE (Groundball, 6D, EV 101.2 MPH)
Batting: RHB Garrett Flickinger Pickoff Throw to First - Out! 1-3 CS
0-0: Ground out 5-3 (Groundball, 15, EV 85.0 MPH)
Batting: RHB Jesse Vala 0-0: Ground out 6-3 (Groundball, 6, EV 107.5 MPH)
Bottom of the 8th over - 0 runs, 1 hit, 0 errors, 0 left on base; Buffalo 3 - Harrisburg 4
TOP OF THE 9TH
Buffalo Red Wings batting - Pitching for Harrisburg Capitals : RHP Samuel Zimmerman
Pitching: RHP Kevin Craig
Batting: RHB Mathew Lyons 0-0: Ball
1-0: Foul Ball, location: 2F
1-1: Ball
2-1: Foul Ball, location: 2F
2-2: Ground out U3 (Groundball, 3L, EV 105.0 MPH)
Batting: RHB Braydon Makris 0-0: Called Strike
0-1: Ball
1-1: Ball
2-1: Ball
3-1: Base on Balls
Batting: RHB Townes Zhan 0-0: Ball
1-0: Ball
2-0: Called Strike
2-1: Grounds into double play, 6-4-3 (Groundball, 6, EV 83.8 MPH)
Top of the 9th over - 0 runs, 0 hits, 0 errors, 0 left on base; Buffalo 3 - Harrisburg 4
Thursday, March 7th , 2024 - OOTP Baseball 23.10 Build 110